 Dungeon Crawl Stone Soup version 0.30-a0-715-gdb4ae3ece1 (webtiles) character file.

Game seed: 3612829668676764709

74 Fenrisus the Trooper (level 4, -2/41 HPs)
             Began as a Hill Orc Fighter on Jan 23, 2023.
             Succumbed to a gnoll's poison
             ... on level 3 of the Dungeon.
             The game lasted 00:04:34 (2152 turns).

Fenrisus the Trooper (Hill Orc Fighter)             Turns: 2152, Time: 00:04:34

Health: -2/41      AC:  8    Str: 20    XL:     4   Next: 30%
Magic:  4/4        EV:  9    Int:  8    God:
Gold:   66         SH:  4    Dex: 10    Spells: 3/3 levels left

rFire   . . .      SeeInvis +    a - +0 war axe
rCold   . . .      Faith    .    c - +0 buckler
rNeg    . . .      Spirit   .    b - +0 scale mail
rPois   .          Reflect  .    (no helmet)
rElec   .          Harm     .    (no cloak)
rCorr   .          Rampage  .    (no gloves)
Will    .....                    l - +0 pair of boots Stlth
                                 (no amulet)
HPRegen 0.26/turn                q - ring of see invisible
MPRegen 0.09/turn                (no ring)

@: lethally poisoned (-2 -> -20)
A: no striking features
a: no special abilities


You were on level 3 of the Dungeon.
You visited 1 branch of the dungeon, and saw 3 of its levels.

You collected 66 gold pieces.

Inventory:

Hand Weapons
 a - a +0 war axe (weapon)
Armour
 b - a +0 scale mail (worn)
 c - a +0 buckler (worn)
 l - a +0 pair of boots (worn)
Jewellery
 g - a ring of wizardry
 p - a ring of resist corrosion
 q - a ring of see invisible (left hand)
Scrolls
 o - a scroll of silence
Potions
 e - a potion of lignification {unknown}
 f - a potion of curing {unknown}
 j - a potion of haste {unknown}
 k - 2 potions of degeneration {unknown}


   Skills:
 + Level 4.3 Fighting
 + Level 3.7 Axes
 + Level 3.9 Armour
 + Level 3.9 Shields


You had 3 spell levels left.
You didn't know any spells.
Your spell library contained the following spells:

 Spells                   Type           Power      Damage    Failure   Level
 Portal Projectile        Hex/Tloc       0%         N/A       99%         3
 Tukima's Dance           Hex            0%         N/A       99%         3
 Blade Hands              Tmut           0%         N/A       100%        5


Dungeon Overview and Level Annotations

Branches:
Dungeon (3/15)

Altars:


Message History

A ball python comes into view.
The ball python hisses angrily.
You hear a shout! x3 3 gnolls come into view.
A gnoll is wielding a +0 halberd of venom.
Found a scroll of teleportation.
The gnoll shouts! x3
The ball python bites you. The ball python grabs you.
The ball python constricts you.
The ball python bites you but does no damage.
The ball python constricts you.
You slash the ball python!
You kill the ball python!
The gnoll throws a throwing net.
The throwing net closely misses you.
A goblin comes into view. It is wielding a +0 dagger.
You see here a ball python corpse.
You barely miss the gnoll. You block the gnoll's attack.
The gnoll hits you from afar with a +0 halberd of venom.
You are poisoned.
You slash the gnoll!
The gnoll is heavily wounded.
You feel very sick.
The gnoll hits you from afar with a +0 halberd of venom!
You are lethally poisoned!
You block the gnoll's attack. The gnoll closely misses you.
The gnoll hits you but does no damage. You block the gnoll's attack.
You hit the gnoll but do no damage.
The gnoll is heavily wounded.
You hit the goblin.
You feel extremely sick. You block the gnoll's attack.
The gnoll hits you but does no damage.
You are more poisoned.
You block the gnoll's attack. The goblin closely misses you.
Blink to where?
Press: ? - help, Q - select action, (/) - cycle Dir - move target
As you read the scroll of blinking, it crumbles to dust.
* * * LOW HITPOINT WARNING * * *
You feel extremely sick.
* * * LOW HITPOINT WARNING * * *
You feel very sick.
You die...

#.....# #.....
..... #...## ....
# #..# #.######
#..#
#......####..# #
#........@# ..
#.#.#####.# .#
#.#.# #.# .. #.#.#
#.# .# #.#.#
#g##..#.#. #.#.#
#gg.g.....
#.#.####.?..g.....
#<.......###.##.##
###.##### .#


You could see 2 gnolls and a goblin.

Vanquished Creatures
  A gnoll (D:1)
  2 adders (D:2)
  2 dart slugs (D:1)
  4 ball pythons
  3 bats
  4 endoplasms
  5 giant cockroaches
  A goblin (D:1)
  4 hobgoblins
  3 jackals (D:1)
  2 frilled lizards (D:1)
  8 kobolds
  3 rats (D:1)
42 creatures vanquished.

Notes
Turn   | Place    | Note
-------+----------+-------------------------------------------
     0 | D:1      | Fenrisus the Hill Orc Fighter began the quest for the Orb.
     0 | D:1      | Reached XP level 1. HP: 19/19 MP: 1/1
   135 | D:1      | Reached XP level 2. HP: 27/27 MP: 2/2
   274 | D:1      | Reached skill level 4 in Fighting
   403 | D:1      | Reached XP level 3. HP: 30/33 MP: 3/3
  1218 | D:2      | Reached XP level 4. HP: 40/40 MP: 4/4
  2151 | D:3      | HP: 2/41 [poisoned by a gnoll]
  2152 | D:3      | Succumbed to a gnoll's poison

Illustrated notes

Levels and vault maps discovered:
D:1:      dpeg_arrival_yet_another_circle, layout_basic
D:2:      layout_basic
D:3:      layout_loops_ring, minitemple, uniq_ijyb

Skill      XL: |  1  2 |
---------------+-------+-----
Axes           | 3 |  3.7
Fighting       | 4 |  4.3
Armour         | |  3.9
Shields        | |  3.9

Action                     |  1- 3 |  4- 6 || total
---------------------------+-------+-------++-------
  Melee: War axe           |   100 |    24 ||   124
    Use: Potion            |     1 |       ||     1
         Scroll            |       |     6 ||     6
 Armour: Scale mail        |    45 |    17 ||    62
  Dodge: Dodged            |    45 |     9 ||    54
  Block: Buckler           |    32 |     8 ||    40

Table legend: (Time is in decaauts)
 A = Elapsed time spent in this place.
 B = Non-inter-level travel time spent in this place.
 C = Inter-level travel time spent in this place.
 D = Time resting spent in this place.
 E = Time spent auto-exploring this place.
 F = Levels seen in this place.
 G = Mean time per level.
                   A        B        C        D        E       F      G
               +--------+--------+--------+--------+--------+-----+--------+
         Total |   2199 |   1847 |    352 |    375 |   1156 |   3 |  733.0 |
       Dungeon |   2199 |   1847 |    352 |    375 |   1156 |   3 |  733.0 |
               +--------+--------+--------+--------+--------+-----+--------+

Top non-repeatable levels by time:
     D:2: 1181 daAuts
     D:1: 988 daAuts
     D:3: 29 daAuts
